 Dungeon Crawl Stone Soup version 0.28.0-53-g5a82cb258f (webtiles) character file.

Game seed: 6293571934161420521

24 buhh the Insei (level 3, -1/25 HPs)
             Began as an Octopode Transmuter on June 20, 2022.
             Slain by a goblin
             ... wielding a +0 dagger
             ... led by Robin
              (3 damage)
             ... on level 1 of the Dungeon.
             The game lasted 00:01:36 (1862 turns).

buhh the Insei (Octopode Transmuter)                Turns: 1862, Time: 00:01:37

Health: -1/25      AC:  1    Str:  9    XL:     3   Next: 2%
Magic:  4/6        EV: 13    Int: 17    God:
Gold:   26         SH:  0    Dex: 12    Spells: 5/6 levels left

rFire   . . .      SeeInvis .     - Unarmed
rCold   . . .      Faith    .   (no shield)
rNeg    . . .      Spirit   .   (helmet currently unavailable)
rPois   .          Reflect  .   (no amulet)
rElec   .          Harm     .   (no ring)
rCorr   .          Rampage  .   (no ring)
Will    .....                   (no ring)
Stlth   +++.......              (no ring)
HPRegen 0.08/turn               (no ring)
MPRegen 0.10/turn               (no ring)
                                (no ring)
                                (no ring)

@: appendages (expiring)
A: tentacle spike 3, almost no armour, amphibious, 8 rings, camouflage 1,
gelatinous body 1, (nimble swimmer 1), tentacles
a: End Transformation


You were on level 1 of the Dungeon.
One of your tentacles had grown a beastly spike.
You visited 1 branch of the dungeon, and saw 2 of its levels.

You collected 26 gold pieces.

Inventory:

Missiles
 c - 13 sling bullets
Jewellery
 d - a +6 ring of strength
Scrolls
 e - a scroll of fear {unknown}
 f - a scroll of identify {unknown}
Potions
 a - a potion of ambrosia {unknown}
 b - a potion of attraction {unknown}


   Skills:
 + Level 2.7 Fighting
 - Level 2.0 Dodging
 - Level 1.0 Stealth
 - Level 3.0 Unarmed Combat
 - Level 2.0 Spellcasting
 - Level 2.0 Transmutations


You had 5 spell levels left.
You knew the following spells:

 Your Spells              Type           Power      Damage    Failure   Level
a - Beastly Appendage     Tmut           16%        N/A       9%          1

Your spell library contained the following spells:

 Spells                   Type           Power      Damage    Failure   Level
 Wereblood                Tmut           8%         N/A       13%         2
 Spider Form              Tmut/Pois      5%         N/A       36%         3
 Ice Form                 Ice/Tmut       5%         N/A       77%         4


Dungeon Overview and Level Annotations

Branches:
Dungeon (2/15)

Altars:

Annotations:
D:1 exclusion: downstairs
D:2 Robin, Sigmund


Innate Abilities, Weirdness & Mutations

One of your tentacles has grown a beastly spike.
You cannot wear most types of armour.
You are amphibious.
You can wear up to eight rings at the same time.
Your skin changes colour to match your surroundings (Stealth+).
Your rubbery body absorbs attacks. (AC +1, EV +1)
((You are camouflaged when in or above water. (Stealth+)))
You have tentacles for arms and can constrict up to eight enemies at once.


Message History

The kobold hits you with a +0 short sword.
You release your grip on the kobold.
The hobgoblin closely misses you. The goblin closely misses you.
The kobold hits you with a +0 short sword.
You climb upwards.
Level annotation: exclusion: downstairs
There is a stone staircase leading down, spattered with blood here.
Casting: Beastly Appendage (safe; 10% risk of failure)
Press: ? - help, Q - select action Dir - look around, f - activate One of your tentacles grows a vicious spike.
The hobgoblin closely misses you.
The kobold hits you with a +0 short sword.
You tentacle-slap the kobold. You grab the kobold.
You pierce the kobold.
You kill the kobold!
The hobgoblin closely misses you.
Things that are here:
a +0 short sword; a +0 club; a kobold corpse You tentacle-slap the hobgoblin.
You grab the hobgoblin.
The hobgoblin is heavily wounded.
You constrict the hobgoblin, but do no damage.
The hobgoblin hits you.
You tentacle-slap the hobgoblin but do no damage.
The hobgoblin is heavily wounded.
You constrict the hobgoblin, but do no damage.
The hobgoblin completely misses you.
You tentacle-slap the hobgoblin but do no damage.
The hobgoblin is heavily wounded.
You constrict the hobgoblin. The hobgoblin hits you.
* * * LOW HITPOINT WARNING * * *
You tentacle-slap the hobgoblin.
You kill the hobgoblin!
You have reached level 3!
Your experience leads to an increase in your attributes!
Increase (S)trength, (I)ntelligence, or (D)exterity?
You feel clever. x2
You tentacle-slap the goblin. You grab the goblin.
The goblin is heavily wounded.
Your transformation is almost over.
You constrict the goblin. The goblin hits you with a +0 dagger.
You die...

#.##########.####
#..........#.....
#.########.#.#### #.# #.#.#
########### #.# ### #.#.#
#.........# #.###.# #.#.#
#.........# #.....# #.#.#
#.........###########.####.#.####
'.........'.....@g>##.#..........
#.........####.###.##.#.##.#.####
########'#####.# #.##.#.##.#.# #
#.# #...###.##.#.##.#.#### #
##'###..........#.##.#..... #
#.........##.####.##.###### #
#............# #.##.# #
#..........#.# #.##.###### #
#........#.#.####..........


You could see a goblin (strong).

Vanquished Creatures
  3 bats (D:1)
  3 endoplasms (D:1)
  2 goblins (D:1)
  3 hobgoblins (D:1)
  A quokka (D:1)
  2 ball pythons (D:1)
  2 frilled lizards (D:1)
  4 kobolds (D:1)
  A rat (D:1)
21 creatures vanquished.

Notes
Turn   | Place    | Note
-------+----------+-------------------------------------------
     0 | D:1      | buhh the Octopode Transmuter began the quest for the Orb.
     0 | D:1      | Reached XP level 1. HP: 13/13 MP: 3/3
   202 | D:1      | Reached XP level 2. HP: 14/19 MP: 3/5
  1245 | D:2      | Found a faded altar of an unknown god.
  1253 | D:2      | Noticed Robin
  1807 | D:2      | Noticed Sigmund
  1862 | D:1      | Reached XP level 3. HP: 2/25 MP: 4/6
  1862 | D:1      | Slain by a goblin

Illustrated notes

Levels and vault maps discovered:
D:1:      onia_arrival_handbag, layout_basic
D:2:      minmay_alternating_diamond, layout_rooms, serial_shops,
          nicolae_shop_hallway_plus, ebering_ecumenical_altar_ruins, uniq_robin,
          uniq_sigmund

Skill      XL: |  1  2 |
---------------+-------+-----
Stealth        | 1 |  1.0
Fighting       | 2 |  2.7
Dodging        | |  2.0
Unarmed Combat | |  3.0
Spellcasting   | |  2.0
Transmutations | |  2.0

Action                   || total
-------------------------++-------
Melee: Unarmed           ||    48
       Constrict         ||    12
       Tentacles         ||     7
       Kick              ||    11
 Cast: Beastly Appendage ||    14
 Stab: Sleeping          ||     5
Armor: Skin              ||     5
Dodge: Dodged            ||    39
